[Event "fics rated crazyhouse match"]
[Site "fics, Oklahoma City, OK USA"]
[Date "2000.12.05"]
[White "DKiller"]
[WhiteElo "2260"]
[Black "Bugzilla"]
[BlackElo "2268"]
[TimeControl "60+0"]
[Result "0-1"]

1. e4 e6 2. Nc3 Nc6 3. d4 Bb4 4. Nf3 Nf6 5. Bd3 d5 6. exd5 
exd5 7. Qe2+ P@e4 8. Bb5 O-O 9. Ne5 Nxd4 10. Qd1 Nxb5 11. Bd2 Bxc3 
12. bxc3 N@c4 13. P@h6 Nxe5 14. hxg7 Re8 15. B@g5 Nf3+ 16. Kf1 P@h3 17. gxf3 
B@g2+ 18. Kg1 exf3 19. N@h6+ Kxg7 20. Bxf6+ Kxf6 21. N@g4+ Bxg4 22. Nxg4+ Ke6 
23. P@f5+ Kd7 24. Bf4 N@e2+ 25. Qxe2 fxe2 26. N@e5+ Kc8 
{DKiller forfeits on time} 0-1

[Event "fics rated crazyhouse match"]
[Site "fics, Oklahoma City, OK USA"]
[Date "2000.12.05"]
[White "Bugzilla"]
[WhiteElo "2276"]
[Black "DKiller"]
[BlackElo "2252"]
[TimeControl "60+0"]
[Result "1-0"]

1. e4 Nc6 2. Nc3 e6 3. Nf3 Nf6 4. Bb5 Bb4 5. e5 Ng4 6. d4 
Bxc3+ 7. bxc3 N@e4 8. O-O Nxc3 9. Qd3 Nxb5 10. B@h5 B@g6 11. Qxb5 Bxh5 
12. Bg5 P@e7 13. h3 Nxf2 14. Rxf2 P@g3 15. Rff1 B@f2+ 16. Kh1 Bxf3 17. Rxf2 
gxf2 18. gxf3 R@e1+ 19. Rxe1 fxe1=Q+ 20. R@f1 N@f2+ 21. Kg2 Qxf1+ 22. Qxf1 Nxh3 
23. Kxh3 Nxd4 24. B@g4 P@e2 25. Qh1 R@f1 26. B@g1 P@f2 27. N@g2 fxg1=Q 28. Qxg1 
Rxg1 29. N@f2 Rxg2 30. Kxg2 N@e3+ 31. Kg3 Q@g2+ 32. Kf4 e1=Q 33. Ke4 Qexf2 
34. Kd3 
{DKiller forfeits on time} 1-0

[Event "fics rated crazyhouse match"]
[Site "fics, Oklahoma City, OK USA"]
[Date "2000.12.06"]
[White "tantheman"]
[WhiteElo "2243"]
[Black "Bugzilla"]
[BlackElo "2291"]
[TimeControl "60+0"]
[Result "0-1"]

1. e4 Nf6 2. Nc3 Nc6 3. Nf3 e6 4. d4 Bb4 5. Bd3 d5 6. exd5 
exd5 7. Bd2 P@e4 8. Bb5 exf3 9. Qxf3 Bg4 10. Qg3 Bxc3 11. bxc3 N@e4 
12. Qe5+ Kf8 13. P@h6 Nxe5 14. hxg7+ Ke7 15. dxe5 Nxd2 16. exf6+ Kxf6 17. P@e5+ 
Kxg7 18. P@f6+ Kg6 19. N@h4+ Kh5 20. N@f4+ Kxh4 21. g3+ Kg5 22. h4+ Kf5 
23. Bd3+ Kxe5 24. B@d4+ Kd6 25. Kxd2 N@f3+ 26. Kc1 P@b2+ 27. Kxb2 N@a4+ 28. Kc1 
P@b2+ 29. Kd1 Q@d2# 
{tantheman checkmated} 0-1

[Event "fics rated crazyhouse match"]
[Site "fics, Oklahoma City, OK USA"]
[Date "2000.12.06"]
[White "VampireGod"]
[WhiteElo "2279"]
[Black "Bugzilla"]
[BlackElo "2298"]
[TimeControl "180+0"]
[Result "0-1"]

1. e4 Nf6 2. Nc3 d5 3. exd5 Nxd5 4. d4 e6 5. Nf3 Bb4 6. Bd3 
Bxc3+ 7. bxc3 Nxc3 8. Qd2 P@e4 9. Qxc3 exf3 10. gxf3 N@d5 11. Qd2 Nc6 
12. P@b2 Nxd4 13. B@e2 N@g2+ 14. Kd1 P@e3 15. fxe3 Ngxe3+ 16. Qxe3 Nxe3+ 17. Bxe3 
Nf5 18. Bd2 P@g2 19. Re1 P@f2 20. N@e4 g1=Q 21. Nxf2 Qxf2 22. N@e4 N@e3+ 
23. Bxe3 Nxe3+ 24. Kd2 Nc4+ 25. Kd1 Qe3 26. P@d2 Nxb2+ 27. Kc1 B@a3 28. Kb1 
Na4 29. P@b2 Qxe4 30. Bb5+ P@c6 31. Bxa4 Qxa4 32. bxa3 Qxc2+ 33. Kxc2 N@d4+ 
34. Kd3 B@c2+ 35. Ke3 Nf5+ 36. Kf2 Qd4+ 37. B@e3 Qh4+ 38. P@g3 Qxh2+ 39. N@g2 
Qxg3+ 40. Kf1 Qxg2+ 41. Kxg2 Q@g3+ 42. Kf1 P@g2+ 43. Kg1 N@h3# 
{VampireGod checkmated} 0-1

[Event "fics rated crazyhouse match"]
[Site "fics, Oklahoma City, OK USA"]
[Date "2000.12.06"]
[White "Bugzilla"]
[WhiteElo "2306"]
[Black "VampireGod"]
[BlackElo "2271"]
[TimeControl "180+0"]
[Result "1-0"]

1. e4 e5 2. Nf3 Nc6 3. Bc4 Bc5 4. O-O Nf6 5. c3 Nxe4 6. d4 
exd4 7. cxd4 d5 8. dxc5 dxc4 9. Qxd8+ Kxd8 10. B@g5+ P@f6 11. Bgf4 P@e5 
12. Rd1+ B@d3 13. Bfe3 Q@e2 14. Q@e1 Qxe1+ 15. Rxe1 Bxb1 16. Rxb1 N@d3 17. P@d6 
cxd6 18. cxd6 Nxd6 19. Bc5 Nxc5 20. Be3 P@d4 21. Bxd4 exd4 22. P@e7+ Nxe7 
23. Rxe7 B@d7 24. P@c7+ Kxc7 25. N@d5+ Kc6 26. Q@c7+ Kxd5 27. B@g3 P@e5 28. Bxe5 
N@b5 29. Qxd6+ Nxd6 30. N@b4+ Ke4 31. Bxd4+ Ne6 32. Rxe6+ fxe6 33. N@g3+ Kf4 
34. Be3+ Kg4 35. h3# 
{VampireGod checkmated} 1-0

[Event "fics rated crazyhouse match"]
[Site "fics, Oklahoma City, OK USA"]
[Date "2000.12.06"]
[White "VampireGod"]
[WhiteElo "2264"]
[Black "Bugzilla"]
[BlackElo "2313"]
[TimeControl "180+0"]
[Result "0-1"]

1. e4 Nf6 2. Nc3 Nc6 3. d4 d5 4. exd5 Nxd5 5. Nf3 e6 6. Bd3 
Bb4 7. Bd2 P@a3 8. Nxd5 Bxd2+ 9. Qxd2 axb2 10. Rd1 exd5 11. Qe3+ Kf8 
12. N@h5 N@g4 13. Qf4 B@c1 14. B@h4 Qe8+ 15. P@e7+ Nxe7 16. Rxc1 bxc1=Q+ 17. Qxc1 
Nf5+ 18. B@e5 Nxe5 19. dxe5 Nxh4 20. Nxh4 Qxe5+ 21. P@e3 B@c3+ 22. N@d2 Qxh5 
23. Nf3 P@e4 24. N@g3 Qg6 25. Bxe4 dxe4 26. P@h5 Qc6 27. Nd4 Bxd4 28. exd4 
B@c3 29. B@c5+ P@d6 30. O-O Bxd2 31. Qxd2 P@f3 32. h6 gxh6 33. Qxh6+ P@g7 
34. P@e7+ Kxe7 35. Qxg7 fxg2 36. B@f6+ Ke6 37. Qg4+ Kxf6 38. P@e5+ Ke7 39. exd6+ 
cxd6 40. Bxd6+ Qxd6 41. Nf5+ Bxf5 42. P@f6+ Qxf6 43. Qxg2 P@f3 44. Kh1 fxg2+ 
45. Kxg2 B@f3+ 46. Kg3 Q@g4# 
{VampireGod checkmated} 0-1

[Event "fics rated crazyhouse match"]
[Site "fics, Oklahoma City, OK USA"]
[Date "2000.12.06"]
[White "Bugzilla"]
[WhiteElo "2320"]
[Black "VampireGod"]
[BlackElo "2257"]
[TimeControl "180+0"]
[Result "1-0"]

1. e4 e5 2. Nf3 Nc6 3. Bc4 Bc5 4. Nc3 Nf6 5. O-O d6 6. d3 
Nd4 7. h3 Be6 8. Bxe6 fxe6 9. Nxd4 Bxd4 10. B@b3 Qe7 11. N@g5 B@d7 
12. Ne2 Bb6 13. Be3 h6 14. Nf3 N@d4 15. Bxd4 exd4 16. N@g6 Rf8 17. Nxe7 
Kxe7 18. Nexd4 B@c5 19. Nxe6 Bxe6 20. Bxe6 Kxe6 21. B@f5+ Kf7 22. Q@e6# 
{VampireGod checkmated} 1-0

[Event "fics rated crazyhouse match"]
[Site "fics, Oklahoma City, OK USA"]
[Date "2000.12.06"]
[White "VampireGod"]
[WhiteElo "2250"]
[Black "Bugzilla"]
[BlackElo "2327"]
[TimeControl "180+0"]
[Result "1-0"]

1. e4 Nc6 2. Nc3 e6 3. d4 Bb4 4. a3 Ba5 5. Be3 Nf6 6. Bd3 
d5 7. e5 Ne4 8. Bxe4 dxe4 9. Nh3 Bxc3+ 10. bxc3 N@d5 11. N@h5 Rg8 
12. B@g5 f6 13. exf6 gxf6 14. Bxf6 Nxf6 15. Nxf6+ Qxf6 16. P@g5 Qf7 17. N@f6+ 
Kd8 18. Nxg8 Qxg8 19. P@f6 B@f8 20. R@e5 P@f5 21. Nf4 B@c4 22. Nxe6+ B8xe6 
23. P@e7+ Nxe7 24. fxe7+ Bxe7 25. d5 Bd7 26. Rxe7 Kxe7 27. d6+ cxd6 28. B@f6+ 
Ke6 29. N@f4+ Kf7 30. Qxd6 Qe8 31. P@e6+ Bdxe6 32. Nxe6 R@e2+ 33. Kd1 N@b2+ 
34. Kc1 N@d3+ 35. Kb1 Bxe6 36. B@d2 P@b3 37. cxd3 exd3 38. N@e5+ Kg8 39. Nxd3 
P@c2+ 40. Kxb2 N@c4+ 41. Kc1 Nxd6 42. N@h6+ Kf8 43. P@g7# 
{Bugzilla checkmated} 1-0

[Event "fics rated crazyhouse match"]
[Site "fics, Oklahoma City, OK USA"]
[Date "2000.12.06"]
[White "Bugzilla"]
[WhiteElo "2317"]
[Black "VampireGod"]
[BlackElo "2260"]
[TimeControl "180+0"]
[Result "0-1"]

1. e4 Nf6 2. Nc3 Nc6 3. d4 d5 4. exd5 Nxd5 5. Nf3 e6 6. Bd3 
Bb4 7. Bd2 P@a3 8. Nxd5 Bxd2+ 9. Qxd2 axb2 10. Rd1 exd5 11. N@h5 Qe7+ 
12. P@e5 B@c1 13. Rxc1 P@c3 14. Nxg7+ Kd8 15. Qd1 bxc1=Q 16. Qxc1 Nxd4 17. B@g5 
Nxf3+ 18. gxf3 P@d2+ 19. Bxd2 cxd2+ 20. Qxd2 Qxe5+ 21. Be4 B@c3 22. P@e7+ Kxe7 
23. B@b4+ Bxb4 24. Qxb4+ B@d6 25. B@g5+ Qxg5 26. P@f6+ Qxf6 27. Qd2 B@c3 28. N@f5+ 
Bxf5 29. Nxf5+ Kd8 30. Qxc3 Qxc3+ 31. B@d2 N@g2+ 32. Kf1 Qxd2 33. B@f6+ P@e7 
34. Kxg2 N@f4# 
{Bugzilla resigns} 0-1

[Event "fics rated crazyhouse match"]
[Site "fics, Oklahoma City, OK USA"]
[Date "2000.12.06"]
[White "VampireGod"]
[WhiteElo "2269"]
[Black "Bugzilla"]
[BlackElo "2308"]
[TimeControl "180+0"]
[Result "1-0"]

1. e4 Nc6 2. d4 Nf6 3. Nc3 e5 4. dxe5 Nxe5 5. Nf3 Neg4 6. Bc4 
P@e6 7. O-O d5 8. exd5 exd5 9. Nxd5 Nxd5 10. Bxd5 P@e6 11. Bg5 Be7 
12. Bxe7 Qxe7 13. N@h5 Rg8 14. B@h4 f6 15. P@e5 exd5 16. exf6 gxf6 17. Bxf6 
Nxf6 18. Nxf6+ Qxf6 19. P@g5 Rxg5 20. Nxg5 Qxg5 21. P@f7+ Kxf7 22. N@h8+ Ke7 
23. P@f6+ Kxf6 24. R@f7+ Ke6 25. Re1+ P@e5 26. P@g4 N@f4 27. Rxf4 Qxf4 28. N@f3 
P@e4 29. c4 B@c6 30. cxd5+ Bxd5 31. P@f5+ Kd6 32. Nf7+ Ke7 33. N7xe5 R@d8 
34. f6+ Qxf6 35. g5 Qe6 36. P@f6+ Kf8 37. Rxe4 Rd7 38. P@g7+ Kg8 39. f7+ 
Rxf7 40. Nxf7 Qxf7 41. Qxd5 Kxg7 42. Qxf7+ Kxf7 43. Q@f6+ Kg8 44. R@f8# 
{Bugzilla checkmated} 1-0

[Event "fics rated crazyhouse match"]
[Site "fics, Oklahoma City, OK USA"]
[Date "2000.12.06"]
[White "Bugzilla"]
[WhiteElo "2299"]
[Black "VampireGod"]
[BlackElo "2278"]
[TimeControl "180+0"]
[Result "1-0"]

1. e4 Nf6 2. Nc3 d5 3. exd5 Nxd5 4. d4 e6 5. Nf3 Bb4 6. Bd2 
Qe7 7. Bd3 P@a3 8. O-O axb2 9. Nxd5 bxa1=Q 10. Qxa1 exd5 11. Bxb4 Qxb4 
12. B@c5 Qa4 13. N@h5 N@e6 14. P@f5 P@g6 15. fxe6 gxh5 16. exf7+ Kxf7 17. Ne5+ 
Ke8 18. P@f7+ Kd8 19. P@e7# 
{VampireGod checkmated} 1-0

[Event "fics rated crazyhouse match"]
[Site "fics, Oklahoma City, OK USA"]
[Date "2000.12.06"]
[White "VampireGod"]
[WhiteElo "2270"]
[Black "Ebenfelt"]
[BlackElo "2253"]
[TimeControl "180+0"]
[Result "1-0"]

1. e4 e5 2. Nf3 Nc6 3. Bc4 Bc5 4. Nc3 Nf6 5. d3 O-O 6. Bg5 
d6 7. O-O Be6 8. Nd5 Bxd5 9. Bxd5 N@f4 10. Bxc6 bxc6 11. Bxf6 Qxf6 
12. B@g5 Qe6 13. Bxf4 exf4 14. N@g5 Qg4 15. h3 Qd7 16. d4 Bb6 17. N@f5 
B@f6 18. e5 dxe5 19. dxe5 Qxd1 20. Raxd1 P@g3 21. exf6 gxf2+ 22. Kh1 Q@g1+ 
23. Rxg1 fxg1=Q+ 24. Rxg1 R@g6 25. fxg7 Rxg7 26. N@h6+ Kh8 27. Q@g8+ Rgxg8 28. Ngxf7+ 
Rxf7 29. Nxf7# 
{Ebenfelt checkmated} 1-0

[Event "fics rated crazyhouse match"]
[Site "fics, Oklahoma City, OK USA"]
[Date "2000.12.06"]
[White "Ebenfelt"]
[WhiteElo "2245"]
[Black "VampireGod"]
[BlackElo "2278"]
[TimeControl "180+0"]
[Result "1-0"]

1. e4 e5 2. Nc3 Nc6 3. Bc4 Bc5 4. Nf3 d6 5. O-O Nf6 6. h3 
Nd4 7. Nxd4 Bxd4 8. d3 Be6 9. Bg5 Bxc4 10. dxc4 Bxc3 11. bxc3 B@e7 
12. B@h4 N@b6 13. N@f5 Rg8 14. Nxe7 Qxe7 15. Bxf6 gxf6 16. N@f5 Qd7 17. B@g4 
B@e6 18. Bxf6 Nxc4 19. P@d5 Bxf5 20. exf5 N@e4 21. B@e6 Nxf6 22. Bxd7+ Nxd7 
23. B@e6 Nf6 24. Bxf7+ Kxf7 25. P@e6+ Kg7 26. Q@e7+ Kh6 27. Qxf6+ P@g6 28. N@f7# 
{VampireGod checkmated} 1-0

[Event "fics rated crazyhouse match"]
[Site "fics, Oklahoma City, OK USA"]
[Date "2000.12.06"]
[White "Ebenfelt"]
[WhiteElo "2246"]
[Black "VampireGod"]
[BlackElo "2277"]
[TimeControl "180+0"]
[Result "1-0"]

1. e4 e6 2. Nf3 Nc6 3. d4 Nf6 4. Nc3 Bb4 5. Bd3 d5 6. e5 
Ne4 7. Bd2 Nxf2 8. Kxf2 Nxd4 9. Rf1 Bxc3 10. bxc3 N@g4+ 11. Kg1 Nxf3+ 
12. Qxf3 Nxe5 13. Qh5 N@g6 14. B@d4 P@f6 15. Bxe5 Nxe5 16. Bh6 P@g6 17. Bxg7 
gxh5 18. Bxh8 P@f3 19. R@g8+ B@f8 20. P@g7 Nd7 21. gxf8=Q+ Nxf8 22. Rxf3 P@e4 
23. Rxf8+ Kxf8 24. P@g7+ Ke7 25. B@f8+ Kd7 26. N@c5+ Kc6 27. N@d4+ Kb6 28. N@a4+ 
Ka5 29. N@b3# 
{VampireGod checkmated} 1-0

[Event "fics rated crazyhouse match"]
[Site "fics, Oklahoma City, OK USA"]
[Date "2000.12.06"]
[White "jiggaman"]
[WhiteElo "2206"]
[Black "LINDEGREN"]
[BlackElo "2321"]
[TimeControl "60+0"]
[Result "1-0"]

1. e4 Nf6 2. Nc3 Nc6 3. d4 d5 4. exd5 Nxd5 5. Nf3 e6 6. Bd2 
Bb4 7. Nxd5 Bxd2+ 8. Qxd2 exd5 9. P@h6 Qe7+ 10. B@e5 N@e4 11. hxg7 Rg8 
12. Bb5 Nxd2 13. Bxc6+ bxc6 14. Nxd2 B@g5 15. Nf3 P@e3 16. fxe3 Bxe3 17. P@f2 
Bxf2+ 18. Kxf2 B@h6 19. Rhe1 P@e3+ 20. Kg1 P@f2+ 21. Kh1 fxe1=Q+ 22. Rxe1 Q@f2 
23. B@f6 Qxe1+ 24. Nxe1 R@f1+ 25. N@g1 Rxg1+ 26. Kxg1 Qxf6 27. Bxf6 B@f2+ 28. Kf1 
R@g1+ 29. Ke2 Ba6+ 30. P@b5 Rxe1+ 31. Kd3 N@c1+ 32. Kc3 N@e4+ 33. Kb4 Nxa2+ 
34. Ka3 P@b4+ 35. Kxa2 Nc3+ 36. bxc3 Kd7 37. N@c5+ Kc8 38. Q@d7# 
{LINDEGREN forfeits on time} 1-0

[Event "fics rated crazyhouse match"]
[Site "fics, Oklahoma City, OK USA"]
[Date "2000.12.06"]
[White "LINDEGREN"]
[WhiteElo "2310"]
[Black "jiggaman"]
[BlackElo "2217"]
[TimeControl "60+0"]
[Result "0-1"]

1. e4 e6 2. Nc3 Nc6 3. d4 Bb4 4. a3 Bxc3+ 5. bxc3 Nf6 6. Bd3 
d5 7. e5 Ne4 8. B@d2 N@h4 9. Bf1 Nxd2 10. Bxd2 B@e4 11. f3 Bg6 
12. N@f4 Nf5 13. Ngh3 Qh4+ 14. Nf2 Ncxd4 15. cxd4 P@e3 16. Bxe3 Nxe3 17. Qe2 
Qxf4 18. N@h3 Qxd4 19. Rb1 B@c3+ 20. P@d2 Nxc2+ 21. Kd1 Ne3+ 22. Kc1 P@b2+ 
23. Rxb2 Bxb2# 
{LINDEGREN checkmated} 0-1

[Event "fics rated crazyhouse match"]
[Site "fics, Oklahoma City, OK USA"]
[Date "2000.12.06"]
[White "jiggaman"]
[WhiteElo "2227"]
[Black "LINDEGREN"]
[BlackElo "2300"]
[TimeControl "60+0"]
[Result "0-1"]

1. e4 e6 2. d4 Nf6 3. Bd3 d5 4. e5 Ne4 5. Be3 Nc6 6. c3 
Be7 7. Nh3 f5 8. O-O O-O 9. f3 Bd7 10. fxe4 dxe4 11. Bc4 P@d5 
12. Be2 Be8 13. Nf4 Qd7 14. Bh5 Bg5 15. Bxe8 Raxe8 16. N@c5 Qe7 17. B@g3 
Bxf4 18. Bgxf4 B@g4 19. Qe1 N@d3 20. Nxd3 exd3 21. Bg5 N@e2+ 22. Kh1 Qf7 
23. Nd2 Qh5 24. N@g3 Nxg3+ 25. Qxg3 N@e2 26. Qf2 Ncxd4 27. cxd4 P@g3 28. Qxg3 
Nxg3+ 29. Kg1 Ne2+ 30. Kh1 Qxh2# 
{jiggaman resigns} 0-1

[Event "fics rated crazyhouse match"]
[Site "fics, Oklahoma City, OK USA"]
[Date "2000.12.06"]
[White "LINDEGREN"]
[WhiteElo "2306"]
[Black "jiggaman"]
[BlackElo "2221"]
[TimeControl "60+0"]
[Result "1-0"]

1. e4 e6 2. Nc3 Nc6 3. d4 Bb4 4. a3 Bxc3+ 5. bxc3 Nf6 6. Bd3 
d5 7. exd5 exd5 8. Qe2+ P@e4 9. Bb5 N@h4 10. f3 O-O 11. Bxc6 bxc6 
12. P@h6 B@a6 13. B@d3 exd3 14. cxd3 Re8 15. P@e5 Bxd3 16. Qxd3 Nxg2+ 17. Kf2 
Nh4 18. hxg7 P@e4 19. N@h6+ Kxg7 20. exf6+ Qxf6 21. N@h5+ Kf8 22. Nxf6 P@g3+ 
23. hxg3 exd3 24. Q@g8+ Ke7 25. Qxf7+ Kd6 26. P@c5# 
{jiggaman checkmated} 1-0

[Event "fics rated crazyhouse match"]
[Site "fics, Oklahoma City, OK USA"]
[Date "2000.12.06"]
[White "LINDEGREN"]
[WhiteElo "2312"]
[Black "Burgsvik"]
[BlackElo "2226"]
[TimeControl "120+0"]
[Result "1-0"]

1. e4 e6 2. Nc3 b6 3. d4 Bb7 4. Bd3 Bb4 5. f3 Qf6 6. Be3 
Qg6 7. Qe2 Ne7 8. Nh3 Bxc3+ 9. bxc3 N@h4 10. B@g3 Nxg2+ 11. Qxg2 P@h4 
12. Nf4 hxg3 13. Nxg6 hxg6 14. hxg3 Rxh1+ 15. Qxh1 B@b2 16. R@h8+ N@g8 17. P@h7 
Bxc3+ 18. Ke2 P@d2 19. hxg8=Q+ Nxg8 20. Rxg8+ R@f8 21. Rxf8+ Kxf8 22. Q@d8# 
{Burgsvik resigns} 1-0

[Event "fics rated crazyhouse match"]
[Site "fics, Oklahoma City, OK USA"]
[Date "2000.12.06"]
[White "Burgsvik"]
[WhiteElo "2220"]
[Black "LINDEGREN"]
[BlackElo "2318"]
[TimeControl "120+0"]
[Result "0-1"]

1. e3 Nf6 2. Nf3 Nc6 3. b3 d5 4. Bb2 e6 5. Bb5 Bd7 6. Bxc6 
Bxc6 7. Ne5 Bd6 8. Nxf7 Kxf7 9. N@g5+ Ke7 10. Bxf6+ gxf6 11. N@f7 fxg5 
12. Nxd8 Raxd8 13. Q@g7+ N@f7 14. P@f6+ Ke8 15. Qh5 B@g6 16. Qe2 N@f5 17. Nc3 
Nxg7 18. fxg7 B@f6 19. gxh8=Q+ Bxh8 20. O-O Kd7 21. d4 P@e4 22. Na4 Bxa4 
23. bxa4 N@h4 24. B@h3 Bf5 25. Qb5+ Q@c6 26. Bxf5 exf5 27. B@g3 Bxg3 28. fxg3 
Qxb5 29. axb5 N@h3# 
{Burgsvik resigns} 0-1

[Event "fics rated crazyhouse match"]
[Site "fics, Oklahoma City, OK USA"]
[Date "2000.12.06"]
[White "LINDEGREN"]
[WhiteElo "2324"]
[Black "Burgsvik"]
[BlackElo "2214"]
[TimeControl "120+0"]
[Result "1-0"]

1. e4 e6 2. Nc3 Nc6 3. d4 Bb4 4. Nf3 Nf6 5. Bd3 d5 6. exd5 
Nxd5 7. Bd2 Bxc3 8. bxc3 P@f4 9. P@e4 Nxc3 10. Bxc3 P@e3 11. fxe3 fxe3 
12. B@g5 Qxg5 13. Nxg5 B@f2+ 14. Kf1 P@f6 15. N@h5 Kf8 16. P@h6 N@e8 17. hxg7+ 
Nxg7 18. Nxg7 fxg5 19. Nh5 P@g7 20. d5 e2+ 21. Qxe2 
{Burgsvik resigns} 1-0

[Event "fics rated crazyhouse match"]
[Site "fics, Oklahoma City, OK USA"]
[Date "2000.12.06"]
[White "Burgsvik"]
[WhiteElo "2208"]
[Black "LINDEGREN"]
[BlackElo "2330"]
[TimeControl "120+0"]
[Result "0-1"]

1. e3 Nf6 2. d4 Nc6 3. Nf3 d5 4. Bb5 e6 5. Ne5 Bd7 6. Bxc6 
Bxc6 7. Nxc6 bxc6 8. B@b7 B@d7 9. N@e5 Bd6 10. Bxa8 Qxa8 11. R@g3 N@f5 
12. Nc3 B@b4 13. Bd2 Bxc3 14. Bxc3 N@e4 15. B@g5 Nxg5 16. Rxg5 B@h6 17. Rxf5 
exf5 18. Nxd7 Nxd7 19. B@e5 O-O 20. Bxd6 cxd6 21. B@e7 N@h4 22. Rg1 B@g4 
23. N@f3 Bxf3 24. gxf3 N@g2+ 25. Kf1 Qe8 26. Bxf8 Qxf8 27. B@g3 B@h3 28. Bxh4 
Nxe3+ 29. Ke2 Nxd1 30. N@e7+ Kh8 31. R@g8+ Qxg8 32. Nxg8 Nxc3+ 33. bxc3 Q@d2# 
{Burgsvik checkmated} 0-1

[Event "fics rated crazyhouse match"]
[Site "fics, Oklahoma City, OK USA"]
[Date "2000.12.06"]
[White "LINDEGREN"]
[WhiteElo "2335"]
[Black "Burgsvik"]
[BlackElo "2203"]
[TimeControl "120+0"]
[Result "0-1"]

1. e4 e6 2. Nc3 Nc6 3. d4 Bb4 4. a3 Bxc3+ 5. bxc3 d5 6. e5 
N@e4 7. B@d2 Nge7 8. Nh3 Nf5 9. Bb5 Bd7 10. Bxc6 Bxc6 11. O-O Bb5 
12. Re1 Nxd2 13. Bxd2 B@e4 14. f3 Bxc2 15. Qxc2 B@d3 16. Qc1 P@g3 17. B@g5 
gxh2+ 18. Kxh2 f6 19. exf6 gxf6 20. Bxf6 Qxf6 21. Bg5 B@g3+ 22. Kh1 Bxe1 
23. Qxe1 R@f1+ 24. Qxf1 Bxf1 25. Bxf6 Bxg2+ 26. Kxg2 Q@g3+ 27. Kh1 P@g2# 
{LINDEGREN resigns} 0-1

[Event "fics rated crazyhouse match"]
[Site "fics, Oklahoma City, OK USA"]
[Date "2000.12.06"]
[White "Burgsvik"]
[WhiteElo "2214"]
[Black "LINDEGREN"]
[BlackElo "2324"]
[TimeControl "120+0"]
[Result "0-1"]

1. e4 Nf6 2. Nc3 Nc6 3. d3 d5 4. exd5 Nxd5 5. Nxd5 Qxd5 6. P@e4 
Qd8 7. Nf3 e6 8. N@e5 Bb4+ 9. Bd2 Bxd2+ 10. Qxd2 O-O 11. Nxc6 bxc6 
12. N@h5 B@h6 13. B@g5 Bxg5 14. Qxg5 Qxg5 15. Nxg5 B@h6 16. B@d2 N@g4 17. Q@g3 
P@f5 18. exf5 exf5 19. P@f6 Re8+ 20. Be2 Rxe2+ 21. Kxe2 N@d4+ 22. Kf1 P@e2+ 
23. Kg1 Q@f1+ 24. Rxf1 exf1=Q+ 25. Kxf1 B@e2# 
{Burgsvik resigns} 0-1

[Event "fics rated crazyhouse match"]
[Site "fics, Oklahoma City, OK USA"]
[Date "2000.12.06"]
[White "LINDEGREN"]
[WhiteElo "2330"]
[Black "Burgsvik"]
[BlackElo "2208"]
[TimeControl "120+0"]
[Result "1-0"]

1. e4 e6 2. Nc3 Bb4 3. d4 Nc6 4. a3 Bxc3+ 5. bxc3 d5 6. e5 
N@e4 7. B@d2 Nge7 8. Nh3 Nf5 9. Bb5 Bd7 10. Bxc6 Bxc6 11. O-O Bb5 
12. Re1 B@c4 13. N@f4 Nxf2 14. Nxf2 P@e2 15. Nxe2 Bxe2 16. Rxe2 Bxe2 17. Qxe2 
N@e4 18. Nxe4 dxe4 19. Bg5 Nxd4 20. cxd4 Qxd4+ 21. B@f2 Qxa1 22. P@d7+ Kf8 
23. B@b4+ P@d6 24. Bxd6+ cxd6 25. P@e7+ Kg8 26. e8=Q# 
{Burgsvik resigns} 1-0

[Event "fics rated crazyhouse match"]
[Site "fics, Oklahoma City, OK USA"]
[Date "2000.12.06"]
[White "Burgsvik"]
[WhiteElo "2203"]
[Black "LINDEGREN"]
[BlackElo "2335"]
[TimeControl "120+0"]
[Result "0-1"]

1. e4 Nf6 2. Bc4 Nc6 3. e5 Nxe5 4. Bb3 e6 5. d4 Neg4 6. h3 
Nxf2 7. Kxf2 Ne4+ 8. Ke3 d5 9. Nf3 Bd6 10. N@e5 Bxe5 11. Nxe5 N@f5+ 
12. Ke2 Nfg3+ 13. Kf3 Nxh1 14. Qxh1 R@f2+ 15. Kg4 h5# 
{Burgsvik checkmated} 0-1

[Event "fics rated crazyhouse match"]
[Site "fics, Oklahoma City, OK USA"]
[Date "2000.12.06"]
[White "LINDEGREN"]
[WhiteElo "2340"]
[Black "Burgsvik"]
[BlackElo "2198"]
[TimeControl "120+0"]
[Result "0-1"]

1. e4 e6 2. Nc3 Nc6 3. d4 Bb4 4. a3 Bxc3+ 5. bxc3 Qh4 6. B@d3 
N@g4 7. Nh3 N8f6 8. Bfe2 Nxf2 9. Nxf2 P@g3 10. hxg3 Qxg3 11. Bf3 Nxd4 
12. cxd4 P@c3 13. P@h2 Qh4 14. N@c4 P@d2+ 15. Nxd2 cxd2+ 16. Bxd2 N@g4 17. P@g3 
Nxf2 18. Kxf2 N@g4+ 19. Ke1 Qxh2 20. Rxh2 Nxh2 21. Q@g1 Nxf3+ 22. gxf3 P@h3 
23. P@g2 hxg2 24. Qxg2 B@b2 25. Rb1 Bxd4 26. P@e3 P@a2 27. exd4 axb1=Q 28. Qxb1 
R@b6 29. B@b4 a5 30. N@c4 Rxb4 31. Nb6 Rxb1+ 32. N@c1 Rxb6 33. P@g5 Nh5 
34. N@f6+ gxf6 35. gxf6 Nxf6 36. P@g7 Rg8 37. e5 P@b2 38. exf6 bxc1=Q+ 39. Bxc1 
P@b2 40. Bxb2 Rxb2 41. N@d1 Rb1 42. Qd2 R@a1 43. Be2 Rxd1+ 44. Bxd1 Rxd1+ 
45. Qxd1 Q@g1+ 46. R@f1 B@c3+ 47. Ke2 Bd2 48. Rxg1 B@c4+ 49. Kxd2 B@c3+ 50. Kc1 
N@a2+ 51. Kb1 N@d2# 
{LINDEGREN forfeits on time} 0-1

[Event "fics rated crazyhouse match"]
[Site "fics, Oklahoma City, OK USA"]
[Date "2000.12.06"]
[White "Burgsvik"]
[WhiteElo "2209"]
[Black "LINDEGREN"]
[BlackElo "2329"]
[TimeControl "120+0"]
[Result "0-1"]

1. e4 Nf6 2. Nf3 Nc6 3. e5 d5 4. exf6 gxf6 5. Bb5 Rg8 6. Rg1 
e5 7. N@a5 P@d7 8. Bxc6 dxc6 9. d4 B@b4+ 10. Bd2 e4 11. Nh4 Bg4 
12. N@e2 Bxa5 13. Bxa5 Bxe2 14. Qxe2 N@f4 15. Qe3 Nxg2+ 16. Rxg2 Rxg2 17. Nxg2 
R@g1+ 18. B@f1 N@f3+ 19. Ke2 Nxh2 20. R@g8 P@f3+ 21. Kd2 Nxf1+ 22. Kc3 P@b4+ 
23. Bxb4 B@d6 24. N@g7+ Kd7 25. B@f5+ Ke7 26. Qh6 Rxg2 27. Bh3 Bxb4+ 28. Kxb4 
a5+ 29. Kb3 B@c4+ 30. Ka4 b5+ 31. Ka3 b4+ 32. Ka4 N@b6# 
{Burgsvik checkmated} 0-1

[Event "fics rated crazyhouse match"]
[Site "fics, Oklahoma City, OK USA"]
[Date "2000.12.06"]
[White "LINDEGREN"]
[WhiteElo "2334"]
[Black "Burgsvik"]
[BlackElo "2204"]
[TimeControl "120+0"]
[Result "1-0"]

1. e4 e5 2. Nc3 Bb4 3. Nf3 Bxc3 4. dxc3 Nc6 5. Bc4 Qf6 6. O-O 
N@f4 7. Bxf4 exf4 8. N@d5 Qd8 9. Nxf4 B@e6 10. Bxe6 dxe6 11. Qxd8+ Nxd8 
12. Rad1 B@d7 13. B@h4 f6 14. P@g6 hxg6 15. Nxg6 
{Burgsvik resigns} 1-0

[Event "fics rated crazyhouse match"]
[Site "fics, Oklahoma City, OK USA"]
[Date "2000.12.06"]
[White "Burgsvik"]
[WhiteElo "2199"]
[Black "LINDEGREN"]
[BlackElo "2339"]
[TimeControl "120+0"]
[Result "0-1"]

1. e4 Nf6 2. e5 Nd5 3. Bc4 e6 4. Bxd5 exd5 5. d4 d6 6. Nf3 
Nc6 7. exd6 Bxd6 8. P@h6 Qe7+ 9. N@e5 P@g4 10. hxg7 Rg8 11. Bg5 Qe6 
12. Nh4 Bxe5 13. dxe5 Nxe5 14. P@e3 B@e4 15. B@d4 P@f6 16. Bxe5 Qxe5 17. Bxf6 
Qxf6 18. Qd4 B@e5 19. N@h5 Qe6 20. Qa4+ Bd7 21. Qb3 Bxg2 22. Qxb7 B@c6 
23. Qxa8+ Bxa8 24. R@f8+ Rxf8 25. gxf8=Q+ Kxf8 26. R@d8+ Ke7 27. P@f6+ Kxd8 28. P@e7+ 
Kc8 29. Ng7 R@e2# 
{Burgsvik forfeits on time} 0-1

[Event "fics rated crazyhouse match"]
[Site "fics, Oklahoma City, OK USA"]
[Date "2000.12.06"]
[White "LINDEGREN"]
[WhiteElo "2344"]
[Black "Burgsvik"]
[BlackElo "2194"]
[TimeControl "120+0"]
[Result "0-1"]

1. e4 e6 2. Nc3 Nc6 3. d4 Bb4 4. a3 Bxc3+ 5. bxc3 d5 6. exd5 
exd5 7. Nf3 N@e4 8. B@d2 Ngf6 9. Bd3 Ng4 10. Bxe4 dxe4 11. Qe2 P@f5 
12. N@h5 O-O 13. Ng5 Re8 14. h3 B@f3 15. gxf3 exf3 16. Nxf3 Rxe2+ 17. Kxe2 
Q@e4+ 18. P@e3 Nge5 19. dxe5 P@d3+ 20. Ke1 Qxf3 21. N@g3 N@g2+ 22. Kf1 dxc2 
23. B@e2 Nxe3+ 24. Bxe3 P@g2+ 25. Kg1 gxh1=Q+ 26. Nxh1 R@d1+ 27. N@f1 Qxe2 28. R@g3 
Qxf1+ 29. Kh2 Qxh1# 
{LINDEGREN checkmated} 0-1